 Dungeon Crawl Stone Soup version 0.20.0-10-g0535bb4 (webtiles) character file.

304 Gorglomux the Ruffian (level 6, -2/61 HPs)
             Began as a Troll Venom Mage on June 7, 2017.
             Slain by an orc
             ... wielding a +0 war axe
              (6 damage)
             ... on level 3 of the Dungeon.
             The game lasted 00:03:49 (1333 turns).

Gorglomux the Ruffian (Troll Venom Mage)            Turns: 1333, Time: 00:03:50

Health: -2/61      AC:  5    Str: 18    XL:     6   Next: 15%
Magic:  6/6        EV: 10    Int: 14    God:
Gold:   149        SH:  0    Dex: 11    Spells: 6/7 levels left

rFire    . . .     SeeInvis .     - Unarmed
rCold    . . .     Gourm    +   (no shield)
rNeg     . . .     Faith    .   a - +0 robe
rPois    .         Spirit   .   (helmet restricted)
rElec    .         Reflect  .   (no cloak)
rCorr    .         Harm     .   (gloves unavailable)
MR       .....                  (boots unavailable)
Stlth    +.........             (no amulet)
Regen    0.6/turn               l - +3 ring of intelligence
MPRegen  0.1/turn               (no ring)

@: very slightly contaminated, invisible
A: unfitting armour, claws 3, fast metabolism 3, gourmand, regeneration 1,
shaggy fur 1, tough skin 2
a: no special abilities


You were on level 3 of the Dungeon.
You were completely stuffed.

You visited 1 branch of the dungeon, and saw 3 of its levels.

You collected 149 gold pieces.

Inventory:

Armour
 a - a +0 robe (worn)
Jewellery
 l - a +3 ring of intelligence (left claw)
Scrolls
 d - a scroll of noise
 e - a scroll of amnesia {unknown}
 n - a scroll of fog {unknown}
 o - 3 scrolls of remove curse
 q - a scroll of magic mapping {unknown}
 s - 2 scrolls of enchant armour {unknown}
 t - a scroll of recharging {unknown}
 R - 2 scrolls of identify
Potions
 f - 2 potions of flight
 m - a potion of agility
 p - a potion of might
 r - a potion of mutation {!q}
Books
 b - a Young Poisoner's Handbook

   Spells                             Type                      Level
   a - Sting                          Conjuration/Poison           1
   b - Poisonous Vapours              Poison/Air                   2
   c - Mephitic Cloud                 Conjuration/Poison/Air       3
   d - Olgreb's Toxic Radiance        Poison                       4
   e - Venom Bolt                     Conjuration/Poison           5
Comestibles
 c - 3 bread rations
 h - a fruit
 j - 16 chunks of flesh


   Skills:
 + Level 3.3 Fighting
 - Level 1.5 Dodging
 - Level 1.0 Stealth
 + Level 4.2 Unarmed Combat
 - Level 1.2 Spellcasting
 - Level 0.6 Conjurations
 - Level 2.1 Poison Magic


You had 6 spell levels left.
You knew the following spells:

 Your Spells              Type           Power        Failure   Level  Hunger
a - Sting                 Conj/Pois      #...         14%         1    ##.....


Dungeon Overview and Level Annotations

Branches:
Dungeon (3/15)

Altars:
Makhleb


Innate Abilities, Weirdness & Mutations

You are too large for most types of armour.
You have claws for hands.
Your metabolism is lightning-fast.
You like to eat raw meat.
Your natural rate of healing is unusually fast.
You are covered in fur. (AC +1)
You have very tough skin. (AC +2)


Message History

The orc wizard hits you but does no damage.
The orc closely misses you.
Unknown command.
You barely miss the orc wizard. You claw the orc wizard!
The orc wizard is severely wounded.
The orc wizard hits you but does no damage.
The orc hits you with a war axe.
* * * LOW HITPOINT WARNING * * *
The orc wizard casts a spell at you. The puff of frost hits you!
* * * LOW HITPOINT WARNING * * *
You miss the orc wizard.
The orc wizard is severely wounded.
The orc wizard hits you but does no damage.
You catch the helpless orc wizard completely off-guard!
You scratch the orc wizard.
The orc wizard is almost dead.
The orc wizard hits you but does no damage.
The orc hits you with a war axe.
You die...

######...####......###
.......$.†.........#
#.................##
##...........#####..#
#.........)..# ##.#
#............# #<## #
#....o.)r....# #..# #
.......).)...# ##.# #
.......o@o...# #.# #
##...........# #.## #
#......(....#######..# #
#...........##.......###
.............##..........
.............##.........8
.###..#############....P
... #.[..8 .... #....#


You could see an orc priest, an orc wizard, an orc and a quokka (wandering).

Vanquished Creatures
  A centaur zombie (D:3)
  A crimson imp (D:2)
  Terence (D:2)
  Jessica (D:2)
  Natasha (twice) (D:2)
  An orc wizard (D:3)
  A worker ant zombie (D:3)
  An adder (D:3)
  3 oozes
  An adder zombie (D:3)
  4 worms
  2 dart slugs (D:1)
  2 leopard geckos
  3 orcs (D:3)
  2 giant cockroaches (D:2)
  4 goblins (D:1)
  7 hobgoblins
  3 ball pythons
  6 bats
  4 frilled lizards
  9 kobolds
  A leopard gecko skeleton (D:3)
  8 rats
68 creatures vanquished.

Vanquished Creatures (others)
  An orc (D:3)
1 creature vanquished.

Grand Total: 69 creatures vanquished

Notes
Turn   | Place    | Note
-------+----------+-------------------------------------------
     0 | D:1      | Gorglomux the Troll Venom Mage began the quest for the Orb.
     0 | D:1      | Reached XP level 1. HP: 16/16 MP: 1/1
   184 | D:1      | Reached skill level 1 in Unarmed Combat
   228 | D:1      | Reached XP level 2. HP: 26/26 MP: 2/2
   232 | D:1      | Reached skill level 1 in Fighting
   461 | D:1      | Reached XP level 3. HP: 33/33 MP: 3/3
   615 | D:2      | Reached skill level 2 in Unarmed Combat
   714 | D:2      | Noticed Natasha
   722 | D:2      | Killed Natasha
   722 | D:2      | Reached XP level 4. HP: 32/42 MP: 4/4
   808 | D:2      | Noticed Jessica
   817 | D:2      | Killed Jessica
   817 | D:2      | Reached skill level 3 in Unarmed Combat
   859 | D:2      | Noticed Natasha
   864 | D:2      | Killed Natasha
   864 | D:2      | Reached XP level 5. HP: 40/50 MP: 5/5
   955 | D:2      | Noticed Terence
   962 | D:2      | Killed Terence
   990 | D:2      | Found a burning altar of Makhleb.
  1166 | D:3      | Reached skill level 3 in Fighting
  1198 | D:3      | Reached skill level 4 in Unarmed Combat
  1211 | D:3      | Reached XP level 6. HP: 46/61 MP: 6/6
  1331 | D:3      | HP: 3/61 [orc wizard/puff of frost (8)]
  1333 | D:3      | Slain by an orc

Skill      XL: |  1  2  3  4  5 |
---------------+----------------+-----
Unarmed Combat | 1 2 3 4 |  4.2
Fighting       | 1 2 3 |  3.3
Dodging        | |  1.5
Stealth        | |  1.0
Spellcasting   | |  1.2
Conjurations   | |  0.6
Poison Magic   | |  2.1

Action                   |  1- 3 |  4- 6 || total
-------------------------+-------+-------++-------
Melee: Unarmed           |   124 |   110 ||   234
       Punch             |       |     4 ||     4
  Use: Scroll            |       |     7 ||     7
       Potion            |       |     1 ||     1
 Stab: Sleeping          |     1 |       ||     1
       Distracted        |     1 |       ||     1
       Invisible         |       |     1 ||     1
  Eat: Chunk             |    12 |     6 ||    18
Armor: Robe              |    49 |    31 ||    80
Dodge: Dodged            |    54 |    61 ||   115
